 Dungeon Crawl Stone Soup version 0.21-a0-88-g13b9641 (webtiles) character file.

7491 Ijustatesigmund the Covert (level 11, -3/72 HPs)
             Began as an Octopode Assassin on June 26, 2017.
             Was a Follower of Okawaru.
             Slain by a wraith (11 damage)
             ... on level 10 of the Dungeon.
             The game lasted 00:29:44 (11481 turns).

Ijustatesigmund the Covert (Octopode Assassin)     Turns: 11481, Time: 00:29:47

Health: -3/72      AC:  3    Str: 12    XL:     11   Next: 16%
Magic:  14/14      EV: 14    Int: 15    God:    Okawaru [*.....]
Gold:   663        SH:  0    Dex: 16    Spells: 10/10 levels left

rFire    + . .     SeeInvis .   H - +2 dagger (elec)
rCold    . . .     Gourm    .   (no shield)
rNeg     + . .     Faith    .   (helmet restricted)
rPois    .         Spirit   .   (no amulet)
rElec    .         Reflect  .   g - ring of resist corrosion
rCorr    +         Harm     .   v - +2 ring of strength
MR       .....                  A - ring of positive energy
Stlth    ++++++....             (no ring)
HPRegen  0.22/turn              (no ring)
MPRegen  0.14/turn              (no ring)
                                (no ring)
                                (no ring)

@: slowed, very slow
A: almost no armour, stealthy swim, amphibious, 8 rings, constrict 8, iridescent
scales 1, camouflage 1, fire resistance 1, frail 1, gelatinous body 1
a: Heroism, Renounce Religion


You were on level 10 of the Dungeon.
You worshipped Okawaru.
Okawaru was aware of your devotion.
You were hungry.

You visited 2 branches of the dungeon, and saw 11 of its levels.
You also visited: Sewer.

You collected 663 gold pieces.

Inventory:

Hand Weapons
 a - a +3 dagger
 b - a +0 blowgun
 d - a +1 rapier of holy wrath
 z - a +4 scimitar of flaming
 E - a +2 dagger of venom
 H - a +2 dagger of electrocution (weapon)
Missiles
 c - 30 poisoned needles
 u - 2 curare-tipped needles
 J - 5 javelins (quivered)
Jewellery
 g - a ring of resist corrosion (left tentacle)
 v - a +2 ring of strength (right tentacle)
 A - a ring of positive energy (on tentacle)
Wands
 i - a wand of disintegration (14/24)
 m - a wand of iceblast (5/15)
 x - a wand of acid (0/15)
 C - a wand of lightning (1/15)
 G - a wand of acid (4/15)
 I - a wand of clouds (6/9)
Scrolls
 e - a scroll of fear
 h - 3 scrolls of magic mapping
 o - a scroll of remove curse
 p - 3 scrolls of amnesia
 s - 2 scrolls of teleportation
 y - 3 scrolls of identify
 D - 4 scrolls of fog
Potions
 j - 4 potions of brilliance
 k - 3 potions of haste
 l - a potion of invisibility
 n - a potion of might
 t - 2 potions of lignification
 F - 2 potions of flight
Comestibles
 f - 11 bread rations
 w - 2 meat rations


   Skills:
 + Level 9.9 Fighting
 + Level 9.7 Short Blades
 - Level 2.0 Throwing
 - Level 2.9 Dodging
 - Level 13.1 Stealth
 + Level 4.0 Invocations


You had 10 spell levels left.
You didn't know any spells.

Dungeon Overview and Level Annotations

Branches:
Dungeon (10/15)            Temple (1/1) D:5            Lair (0/6) D:10
    Orc: D:9-12

Altars:
Ashenzari
Cheibriados
Dithmenos
Elyvilon
Fedhas
Gozag
Hepliaklqana
Kikubaaqudgha
Makhleb
Nemelex Xobeh
Okawaru
Qazlal
Ru
Sif Muna
Trog
Uskayaw
Vehumet
Wu Jian
Xom
Yredelemnul
Zin
The Shining One


Innate Abilities, Weirdness & Mutations

You cannot wear most types of armour.
You are very stealthy in the water. (Stealth+)
You are amphibious.
You can wear up to eight rings at the same time.
You can use your tentacles to constrict eight enemies at once.
Your skin changes colour to match your surroundings (Stealth+).
Your rubbery body absorbs attacks. (AC +1, EV +1)
You are partially covered in iridescent scales. (AC +2)
Your flesh is heat resistant. (rF+)
You are frail. (-10% HP)


Message History

The worker ant closely misses you. The yak barely misses you.
You hit the worker ant but do no damage.
Your grab misses the worker ant.
The worker ant is severely wounded.
The worker ant bites you!
* * * LOW HITPOINT WARNING * * *
The yak misses you.
Okay, then.
Evoke which item? (* to show all) (? for menu, Esc to quit)
Aiming: Cloud Cone
Press: ? - help, Dir - move target cursor, f/p - yak
Aim: a yak (heavily wounded)
You create a blast of flame!
This wand has 6 charges left.
The worker ant is engulfed in blazing flames.
You kill the worker ant!
Okawaru accepts your kill.
The necrophage is engulfed in blazing flames.
The yak is engulfed in blazing flames. x4; The yak closely misses you.
The wraith hits you!
You die...

...#####....# .#
#.......(......#
#....#...# .#..###
#........# n....!#
#....#.#.##.#....#
#......§#...#...#
#.....§§#.......
#.##WYY§§.?.#
#.##@nYYY.###
#.#####.######.........
#.......######.......?.
#.#####.........###....
#.#######.. ### #.#
#.## .######.# #.# #.#
........# #.# #.#
........#####.#######


You could see 5 yaks, a wraith and a necrophage.

Vanquished Creatures
  Erica (D:8)
  A two-headed ogre (D:9)
  Pikel (D:8)
  Maurice (D:8)
  A hippogriff (D:7)
  Sigmund (D:3)
  A spriggan (D:8)
  Eustachio (D:4)
  A hungry ghost (D:8)
  3 wargs (D:10)
  Menkaure (D:7)
  2 orc warriors
  2 black bears
  A sky beast (D:9)
  A slave (D:8)
  4 ice beasts
  A necrophage (D:9)
  An eye of draining (D:9)
  3 ogres
  8 centaurs
  2 bullfrogs
  8 big kobolds
  A water moccasin zombie (D:9)
  A scorpion (D:7)
  6 killer bees (D:9)
  6 howler monkeys
  2 crimson imps
  A bullfrog zombie (D:10)
  A hound (D:5)
  12 orc priests
  2 jellies
  7 orc wizards
  4 worker ants
  2 hound skeletons (D:9)
  2 hound zombies
  Robin (D:4)
  A gnoll (D:3)
  12 adders
  A river rat (D:3)
  A shadow imp (D:6)
  An ooze (D:4)
  3 adder skeletons
  A dart slug (D:2)
  5 worms
  6 leopard geckos
  26 orcs
  8 ball pythons
  6 bats
  6 giant cockroaches
  14 goblins
  19 hobgoblins
  18 jackals
  46 kobolds
  4 quokkas
  6 frilled lizards
  17 rats
  2 plants (Sewer)
297 creatures vanquished.

Vanquished Creatures (others)
  A worker ant (D:8)
  A hound zombie (D:8)
2 creatures vanquished.

Grand Total: 299 creatures vanquished

Notes
Turn   | Place    | Note
-------+----------+-------------------------------------------
     0 | D:1      | Ijustatesigmund the Octopode Assassin began the quest for the Orb.
     0 | D:1      | Reached XP level 1. HP: 14/14 MP: 1/1
   133 | D:1      | Reached XP level 2. HP: 20/20 MP: 2/2
   891 | D:2      | Reached XP level 3. HP: 22/25 MP: 3/3
  1012 | D:2      | Found a faded altar of an unknown god.
  1154 | D:2      | Reached XP level 4. HP: 30/31 MP: 4/4
  1466 | D:3      | Reached XP level 5. HP: 3/37 MP: 5/5
  1516 | D:3      | Found a shadowy altar of Dithmenos.
  1544 | D:3      | Noticed Sigmund
  1678 | D:3      | Found a glowing drain.
  1683 | Sewer    | Entered a sewer
  2404 | D:3      | Reached XP level 6. HP: 39/43 MP: 6/6
  2756 | D:3      | Killed Sigmund
  3109 | D:3      | Reached XP level 7. HP: 49/49 MP: 7/7
  3124 | D:3      | Reached skill level 5 in Fighting
  3292 | D:3      | Reached skill level 5 in Short Blades
  3866 | D:3      | Reached skill level 6 in Stealth
  3889 | D:3      | Reached skill level 7 in Stealth
  4207 | D:3      | Reached skill level 8 in Stealth
  4207 | D:3      | Reached XP level 8. HP: 56/56 MP: 8/8
  4405 | D:4      | Noticed Robin
  4409 | D:4      | Reached skill level 9 in Stealth
  4440 | D:4      | Gained mutation: You are partially covered in iridescent scales. (AC +2) [potion of mutation]
  4440 | D:4      | Gained mutation: You are frail. (-10% HP) [potion of mutation]
  4440 | D:4      | Gained mutation: Your flesh is heat resistant. (rF+) [potion of mutation]
  4441 | D:4      | Killed Robin
  4443 | D:4      | Noticed Eustachio
  4443 | D:4      | Got an encrusted trident
  4461 | D:4      | Identified the +4 trident of the Secret Shrikes {drain, rF+} (You found it on level 4 of the Dungeon)
  4591 | D:4      | Killed Eustachio
  4591 | D:4      | Reached skill level 10 in Stealth
  5189 | D:5      | Entered Level 5 of the Dungeon
  5333 | D:5      | Found a staircase to the Ecumenical Temple.
  5343 | Temple   | Entered the Ecumenical Temple
  5829 | D:5      | Reached skill level 11 in Stealth
  6080 | D:6      | Reached skill level 12 in Stealth
  6116 | D:6      | Reached XP level 9. HP: 54/54 MP: 9/9
  6340 | D:6      | Reached skill level 13 in Stealth
  7213 | D:7      | Noticed Menkaure
  7220 | D:7      | Killed Menkaure
  8160 | D:8      | Noticed Pikel
  8183 | D:8      | Killed Pikel
  8183 | D:8      | Reached XP level 10. HP: 47/64 MP: 10/10
  8439 | D:8      | Noticed Erica
  8443 | D:8      | Killed Erica
  8923 | D:8      | Noticed Maurice
  8928 | D:8      | Killed Maurice
  9505 | D:7      | Found an iron altar of Okawaru.
  9521 | D:7      | Became a worshipper of Warmaster Okawaru
  9655 | D:9      | Reached skill level 1 in Invocations
  9786 | D:9      | Noticed a two-headed ogre
  9799 | D:9      | Killed a two-headed ogre
  9799 | D:9      | Reached * piety under Okawaru
 10326 | D:9      | Reached XP level 11. HP: 55/72 MP: 13/13
 10888 | D:9      | Found a burning altar of Makhleb.
 11183 | D:10     | Entered Level 10 of the Dungeon
 11207 | D:10     | Found a staircase to the Lair.
 11481 | D:10     | Slain by a wraith

Vault maps used:
D:1:      dpeg_arrival_simpleton_b
D:2:      chequers_ecumenical_altar_twisty, kennysheep_generic_room_11
D:3:      minmay_goblin_kobold_castle, first_bread, gup_sewer_entry_spiral,
          minmay_hedge_maze, grunt_dithmenos_smoke, uniq_sigmund
D:4:      uniq_robin, uniq_eustachio
D:5:      minmay_temple_entry_trees
D:7:      lemuel_doored_altar, the_bakery, uniq_menkaure
D:8:      uniq_maurice, uniq_pikel, uniq_erica
D:9:      makhleb_blood_cavern_becter
D:10:     erik_lair_orcish_takeover, serial_shops, nicolae_shop_crystal,
          hangedman_decor_lopped, abandoned_shop
Temple:   compressed_dpeg_triangle_lava_temple
Sewer:    sewer_co_scattered_pipes

Skill      XL: |  1  2  3  4  5  6  7  8  9 10 11 |
---------------+----------------------------------+-----
Fighting       | 3 4 5 7 9 |  9.9
Dodging        | 2 |  2.9
Short Blades   | 3 4 5 7 9 |  9.7
Stealth        | 8 12 13 | 13.1
Invocations    | 3 4 |  4.0
Throwing       | |  2.0

Action                   |  1- 3 |  4- 6 |  7- 9 | 10-12 || total
-------------------------+-------+-------+-------+-------++-------
Melee: Dagger            |    60 |   139 |       |   119 ||   318
       Constrict         |    16 |    30 |    52 |    31 ||   129
       Tentacles         |     7 |    40 |    50 |    47 ||   144
       Short sword       |       |    36 |   275 |    85 ||   396
       Punch             |       |       |       |     1 ||     1
 Fire: Blowgun           |       |       |    14 |       ||    14
Invok: Heroism           |       |       |       |     2 ||     2
Evoke: Wand              |       |       |     1 |     8 ||     9
  Use: Scroll            |     6 |     7 |    11 |     5 ||    29
       Potion            |       |     5 |     5 |     3 ||    13
 Stab: Sleeping          |    11 |    19 |    25 |     9 ||    64
       Distracted        |     1 |     1 |     1 |     1 ||     4
       Invisible         |       |     3 |     2 |       ||     5
  Eat: Chunk             |       |     4 |    12 |     9 ||    25
       Fruit             |       |     3 |     4 |       ||     7
       Royal jelly       |       |       |     1 |     1 ||     2
Armor: Skin              |     2 |     3 |    29 |    14 ||    48
Dodge: Dodged            |    33 |    59 |   158 |   108 ||   358
